 Dungeon Crawl Stone Soup version 0.24-a0-520-g8fd06ad (webtiles) character file.

Game seed: 11396091309359444180

168 DinnerBoy7 the Shield-Bearer (level 5, -1/42 HPs)
             Began as a Formicid Fighter on July 23, 2019.
             Killed by divine providence
             ... invoked by an orc priest
              (14 damage)
             ... on level 3 of the Dungeon.
             The game lasted 00:05:16 (2346 turns).

DinnerBoy7 the Shield-Bearer (Formicid Fighter)     Turns: 2346, Time: 00:05:16

Health: -1/42      AC:  7    Str: 21    XL:     5   Next: 77%
Magic:  5/5        EV:  8    Int:  8    God:
Gold:   151        SH:  9    Dex: 10    Spells: 4/4 levels left

rFire    . . .     SeeInvis +   a - +0 war axe
rCold    . . .     Gourm    .   c - +0 shield
rNeg     . . .     Faith    .   b - +0 scale mail
rPois    .         Spirit   .   (helmet unavailable)
rElec    .         Reflect  .   (no cloak)
rCorr    .         Harm     .   (no gloves)
MR       .....                  (no boots)
Stlth    ..........             (no amulet)
HPRegen  0.14/turn              (no ring)
MPRegen  0.09/turn              (no ring)

@: no status effects
A: permanent stasis, dig shafts and tunnels, four strong arms, antennae 3
a: Dig, Shaft Self


You were on level 3 of the Dungeon.
You were not hungry.

You visited 1 branch of the dungeon, and saw 3 of its levels.

You collected 151 gold pieces.

Inventory:

Hand Weapons
 a - a +0 war axe (weapon)
Missiles
 j - 9 boomerangs (quivered)
Armour
 b - a +0 scale mail (worn)
 c - a +0 shield (worn)
Scrolls
 e - 3 scrolls of teleportation {unknown}
 g - 3 scrolls of identify {unknown}
 h - 2 scrolls of magic mapping {unknown}
 i - a scroll of blinking {unknown}
 k - a scroll of enchant weapon {unknown}
 l - a scroll of amnesia {unknown}
 o - a scroll of fog {unknown}
Potions
 d - a potion of might
 m - a potion of curing {unknown}
 n - a potion of heal wounds {unknown}
 q - 2 potions of haste {unknown}
Comestibles
 f - 4 rations
 p - 2 chunks of flesh


   Skills:
 + Level 4.2 Fighting
 + Level 3.2 Axes
 + Level 4.4 Armour
 + Level 4.7 Shields


You had 4 spell levels left.
You didn't know any spells.
Your spell library was empty.

Dungeon Overview and Level Annotations

Branches:
Dungeon (3/15)

Altars:


Innate Abilities, Weirdness & Mutations

You cannot be hasted, slowed, berserked, paralysed or teleported.
You can dig through walls and to a lower floor.
Your four strong arms can wield two-handed weapons with a shield.
You have a pair of large antennae on your head. (SInv)


Message History

You completely miss the orc priest. You block the orc priest's attack.
You slash the orc priest!
The orc priest is severely wounded.
The orc priest hits you but does no damage.
You block the orc priest's attack.
You hit the orc priest but do no damage.
The orc priest is severely wounded.
The orc priest invokes the aid of Beogh against you.
Beogh smites you!
The orc priest hits you but does no damage.
You closely miss the orc priest.
The orc priest is severely wounded.
The orc priest mumbles some strange prayers to Beogh against you.
Beogh smites you!
The orc priest hits you with a +0 hand axe.
You slash the orc priest!
You kill the orc priest!
The orc priest mumbles some strange prayers to Beogh against you.
Beogh smites you!
You die...

#.#.#.####.....
#.# #....'.....
#.# ######.....
#.# ..##...†. #.#
#.##..... #####.#
#.##.....
.o##.#####.##.....
#)##..............
#@##..####..(..###
#.##..# #.....#
#.....# ##.....#
#####.# #......#
..# #.###### ###
#.########
#.#.......
######.#......#
#....†.#......#


You could see an orc priest.

Vanquished Creatures
  An orc priest (D:3)
  A gnoll (D:1)
  3 adders
  An ooze (D:3)
  3 worms
  3 dart slugs (D:1)
  3 leopard geckos (D:2)
  6 orcs (D:3)
  A ball python (D:1)
  11 bats
  5 giant cockroaches
  6 goblins
  4 hobgoblins
  3 jackals (D:3)
  6 kobolds
  2 quokkas (D:3)
  5 frilled lizards
  A quokka skeleton (D:2)
  5 rats
70 creatures vanquished.

Notes
Turn   | Place    | Note
-------+----------+-------------------------------------------
     0 | D:1      | DinnerBoy7 the Formicid Fighter began the quest for the
                  | Orb.
     0 | D:1      | Reached XP level 1. HP: 18/18 MP: 1/1
    93 | D:1      | Reached XP level 2. HP: 24/24 MP: 2/2
   165 | D:1      | Reached XP level 3. HP: 29/29 MP: 3/3
   844 | D:2      | Reached XP level 4. HP: 37/37 MP: 4/4
  1816 | D:3      | Reached XP level 5. HP: 37/42 MP: 5/5
  2346 | D:3      | Killed from afar by an orc priest

Levels and vault maps discovered:
D:1:      zaba_arrival_water, layout_basic
D:2:      lemuel_upstairs_altar, layout_basic
D:3:      layout_basic, first_ration

Skill      XL: |  1  2  3  4  5 |
---------------+----------------+-----
Shields        | 4 |  4.7
Armour         | 4 |  4.4
Fighting       | 4 |  4.2
Axes           | 3 |  3.2

Action                   |  1- 3 |  4- 6 || total
-------------------------+-------+-------++-------
Melee: War axe           |    81 |   162 ||   243
Throw: Boomerang         |     4 |       ||     4
  Eat: Chunk             |       |     2 ||     2
       Ration            |       |     1 ||     1
Armor: Scale mail        |    71 |    60 ||   131
Dodge: Dodged            |    49 |    53 ||   102
Block: Shield            |    68 |    99 ||   167

Table legend:
 A = Non-vault XP
 B = Vault XP
 C = Vault XP percentage of total XP
 D = Non-vault monster count
 E = Vault monster count
 F = Vault count percentage of total count
                 A         B        C        D         E       F
            +---------+---------+-------+---------+---------+-------
      Total |     240 |       0 |   0.0 |      70 |       0 |   0.0
            +---------+---------+-------+---------+---------+-------
        D:1 |      68 |       0 |   0.0 |      29 |       0 |   0.0
        D:2 |      66 |       0 |   0.0 |      20 |       0 |   0.0
        D:3 |     106 |       0 |   0.0 |      21 |       0 |   0.0
            +---------+---------+-------+---------+---------+-------
